 Dungeon Crawl Stone Soup version 0.23.2-40-g277498a001 (webtiles) character file.

Game seed: 6359820807280350808

16628 Delarado the Arsonist (level 12, -1/70 HPs)
             Began as a Deep Elf Fire Elementalist on Sept 19, 2019.
             Was an Elder of Vehumet.
             Slain by a spiny frog (27 damage)
             ... on level 3 of the Lair of Beasts on Sept 20, 2019.
             The game lasted 01:26:16 (20546 turns).

Delarado the Arsonist (Deep Elf Fire Elementalist) Turns: 20546, Time: 01:26:16

Health: -1/70      AC:  5    Str:  5    XL:     12   Next: 11%
Magic:  20/24      EV: 19    Int: 29    God:    Vehumet [****..]
Gold:   841        SH:  0    Dex: 15    Spells: 11/24 levels left

rFire    . . .     SeeInvis .   J - staff of conjuration
rCold    . . .     Gourm    .   (no shield)
rNeg     . . .     Faith    .   a - +1 robe
rPois    .         Spirit   .   (no helmet)
rElec    .         Reflect  .   m - +0 cloak
rCorr    .         Harm     +   (no gloves)
MR       +....                  y - +0 pair of boots
Stlth    +.........             r - amulet of harm
HPRegen  0.21/turn              z - +3 ring of intelligence
MPRegen  0.19/turn              w - ring of wizardry

@: about to teleport, very slow
A: no striking features
a: Renounce Religion


You were on level 3 of the Lair of Beasts.
You worshipped Vehumet.
Vehumet was greatly pleased with you.
You were hungry.

You visited 3 branches of the dungeon, and saw 14 of its levels.

You collected 841 gold pieces.

Inventory:

Missiles
 j - 360 stones (quivered)
 o - a throwing net
 I - 5 tomahawks of returning
Armour
 a - a +1 robe (worn)
 m - a +0 cloak (worn)
 y - a +0 pair of boots (worn)
Magical Staves
 J - an uncursed staff of conjuration (weapon)
Jewellery
 d - an uncursed ring of see invisible
 h - an uncursed amulet of the acrobat {unknown}
 r - an amulet of harm (around neck)
 w - a ring of wizardry (right hand)
 z - a +3 ring of intelligence (left hand)
 B - an uncursed amulet of the acrobat {unknown}
 K - a +2 ring of strength
Wands
 f - a wand of acid (13)
 q - a wand of flame (125)
 F - a wand of disintegration (10)
 G - a wand of paralysis (8)
 H - a wand of iceblast (8)
 L - a wand of digging (3)
 P - a wand of polymorph (5)
Scrolls
 i - 4 scrolls of amnesia
 l - 3 scrolls of enchant armour
 s - a scroll of fear
 t - 6 scrolls of teleportation
 A - 6 scrolls of remove curse
 E - a scroll of blinking
 N - a scroll of enchant weapon
 O - 2 scrolls of fog
Potions
 b - a potion of haste
 e - a potion of cancellation
 g - 2 potions of brilliance
 k - 2 potions of berserk rage {unknown}
 n - a potion of degeneration {unknown}
 p - 4 potions of curing
 u - 2 potions of ambrosia
 v - 2 potions of lignification
 x - 2 potions of mutation {unknown}
 C - 2 potions of heal wounds
 D - 2 potions of agility
 Q - a potion of might
 R - a potion of flight {unknown}
Comestibles
 c - 28 rations


   Skills:
 + Level 6.0 Fighting
 + Level 9.7 Dodging
 - Level 2.4 Stealth
 + Level 6.8 Spellcasting
 - Level 12.0 Conjurations
 - Level 13.0 Fire Magic


You had 11 spell levels left.
You knew the following spells:

 Your Spells              Type           Power        Failure   Level  Hunger
a - Flame Tongue          Conj/Fire      #####        1%          1    None
b - Conjure Flame         Conj/Fire      #######.     1%          3    None
c - Sticky Flame          Conj/Fire      #######.     1%          4    ##.....
d - Fireball              Conj/Fire      #######...   1%          5    #####..

Your spell library contained the following spells:

 Spells                   Type           Power        Failure   Level  Hunger
 Bolt of Draining         Conj/Necr      ######....   1%          5    #####..
 Throw Flame              Conj/Fire      ######       1%          2    None
 Inner Flame              Hex/Fire       #####...     1%          3    None
 Beastly Appendage        Tmut           #.....       2%          1    None
 Corona                   Hex            #......      2%          1    None
 Slow                     Hex            #.......     3%          2    None
 Sticks to Snakes         Tmut           #.......     3%          2    None
 Portal Projectile        Hex/Tloc       #.....       6%          3    None
 Spider Form              Tmut/Pois      #.........   6%          3    None
 Cause Fear               Hex            #.........   21%         4    ##.....
 Ice Form                 Ice/Tmut       #.......     21%         4    ##.....
 Leda's Liquefaction      Hex/Erth       #.........   21%         4    ##.....
 Blade Hands              Tmut           #.........   47%         5    #####..


Dungeon Overview and Level Annotations

Branches:
Dungeon (9/15)             Temple (1/1) D:6            Lair (4/6) D:9
  Swamp (0/4) Lair:3          Orc (0/2) D:9
  Snake: Lair:2-4    Spider: Lair:2-4

Altars:
Ashenzari
Cheibriados
Dithmenos
Elyvilon
Fedhas
Gozag
Hepliaklqana
Kikubaaqudgha
Makhleb
Nemelex Xobeh
Okawaru
Qazlal
Ru
Sif Muna
Trog
Uskayaw
Vehumet
Wu Jian
Xom
Yredelemnul
Zin
The Shining One

Shops:
D:4 }   D:7 =   D:9 (

Annotations:
Lair:4 Kirke


Message History

You climb upwards.
There is a stone staircase leading down here.
Casting: Flame Tongue (safe; 1% risk of failure)
Confirm with . or Enter, or press ? or * to list all spells.
Aiming: Sticky Flame (safe; 1% risk of failure)
Press: ? - help, Shift-Dir - straight line, f - spiny frog
Aim: a spiny frog You feel a surge of power!
The sticky flame hits the spiny frog!
The spiny frog is moderately wounded.
The spiny frog is covered in liquid flames!
The spiny frog burns!
The hog misses you. The spiny frog stings you!! The hog bites you!
The hog closely misses you.
The spiny frog burns!
The spiny frog barely misses you.
You enter the shallow water.
Moving in this stuff is going to be slow.
The spiny frog burns! x2; The hog bites you!
The hog bites you but does no damage.
As you read the scroll of teleportation, it crumbles to dust.
You feel strangely unstable.
The spiny frog burns!
The spiny frog stings you!!
You die...

≈≈≈≈≈≈≈≈....#....#.....######....
≈≈≈≈≈≈≈≈≈.P.............# ###...P
≈≈≈.≈≈≈≈≈..............## #P....≈
≈≈≈.>.≈≈≈≈............P# ###P....
≈≈≈..≈≈≈≈.≈P≈P≈≈≈PP≈..####P.....≈
≈≈≈≈≈≈≈≈≈..P≈≈♣P≈PP≈≈..........#≈
≈≈≈≈≈≈≈≈...PP≈≈≈≈≈♣≈≈≈PP≈....###.
.≈≈≈≈≈≈.....PP.P≈≈♣♣≈≈PP≈P....###
...............h@PP≈♣≈♣≈PPP..###.
...............hFPPP♣♣≈≈≈PP..# ##
#..##.......#.>..PPPP♣♣≈≈≈P..###.
..###..#...#.....#≈P♣≈♣≈≈PP..##..
...#.........#...≈PP♣≈≈≈PPP.....#
.....P...........≈≈♣≈≈PPP≈.....#.
...#PP.....#..P≈≈≈♣≈.≈.###.....##
...##......PP≈≈♣≈PP≈≈.....#....##
.........##P≈PPP≈.P.......#.#....


You could see a spiny frog (burning) and 2 hogs.

Vanquished Creatures
  A two-headed ogre (D:9)
  Maurice (D:9)
  An elephant (Lair:3)
  Psyche (D:9)
  4 spiny frogs
  4 komodo dragons
  6 hippogriffs
  3 bog bodies (Lair:3)
  25 yaks
  Grum (D:9)
  A hungry ghost (D:9)
  A swamp worm (Lair:3)
  2 porcupines
  3 orc warriors
  5 water moccasins
  2 ice beasts
  6 sky beasts
  2 phantoms (D:9)
  A black bear (Lair:1)
  An eye of draining (D:9)
  6 wolves
  5 ogres
  8 centaurs
  8 crocodiles
  2 big kobolds (D:9)
  Blork the orc (D:4)
  10 bullfrogs
  A wyvern skeleton (D:9)
  2 troll zombies (D:9)
  4 wights (D:9)
  7 electric eels (Lair:3)
  A crimson imp (D:8)
  2 bullfrog zombies
  A quasit (D:9)
  4 jellies
  4 hounds
  3 gnoll shamans (D:6)
  A bullfrog skeleton (D:3)
  5 orc priests
  Crazy Yiuf (D:5)
  An orc wizard (D:9)
  2 iguanas
  Terence (D:2)
  5 worker ants
  4 ogre zombies (D:9)
  A hound skeleton (D:4)
  12 adders
  42 gnolls
  2 adder skeletons
  4 worms
  4 dart slugs
  3 leopard geckos
  31 orcs
  A ball python (D:3)
  3 giant cockroaches
  12 goblins
  8 hobgoblins
  19 jackals
  4 quokkas
  6 bats
  5 frilled lizards
  2 goblin skeletons (D:9)
  A hobgoblin zombie (D:9)
  16 kobolds
  A leopard gecko skeleton (D:6)
  4 orc skeletons (D:9)
  12 orc zombies (D:9)
  7 rats
  A fungus (Lair:3)
  A plant (Lair:3)
362 creatures vanquished.

Vanquished Creatures (others)
  10 plants (Lair:3)
10 creatures vanquished.

Grand Total: 372 creatures vanquished

Notes
Turn   | Place    | Note
-------+----------+-------------------------------------------
     0 | D:1      | Delarado the Deep Elf Fire Elementalist began the quest for
                  | the Orb.
     0 | D:1      | Reached XP level 1. HP: 10/10 MP: 6/6
   387 | D:1      | Reached XP level 2. HP: 15/15 MP: 6/8
  1495 | D:2      | Reached skill level 4 in Fire Magic
  1495 | D:2      | Reached XP level 3. HP: 6/19 MP: 1/9
  1755 | D:2      | Learned a level 3 spell: Conjure Flame
  2026 | D:2      | Noticed Terence
  2047 | D:2      | Killed Terence
  2047 | D:2      | Reached XP level 4. HP: 16/24 MP: 0/10
  2172 | D:2      | Learned a level 4 spell: Sticky Flame
  2189 | D:2      | Found a sparkling altar of Nemelex Xobeh.
  2642 | D:2      | Found a basalt altar of Yredelemnul.
  2922 | D:3      | Found a stormy altar of Qazlal.
  2922 | D:3      | Found a sparkling altar of Nemelex Xobeh.
  3060 | D:3      | Reached skill level 5 in Fire Magic
  3107 | D:3      | Noticed an ice beast
  3130 | D:3      | Reached XP level 5. HP: 22/28 MP: 4/11
  3229 | D:3      | Killed an ice beast
  3447 | D:3      | Reached XP level 6. HP: 32/32 MP: 7/12
  3537 | D:3      | You fall through a shaft for 2 floors!
  3537 | D:5      | Entered Level 5 of the Dungeon
  3583 | D:5      | Noticed a sky beast
  3586 | D:5      | Killed a sky beast
  3586 | D:5      | Reached skill level 5 in Conjurations
  3586 | D:5      | Reached skill level 6 in Fire Magic
  4163 | D:5      | Reached XP level 7. HP: 17/36 MP: 7/13
  4489 | D:5      | Reached skill level 7 in Fire Magic
  4865 | D:4      | Noticed Blork the orc
  4871 | D:4      | Killed Blork the orc
  5227 | D:4      | Learned a level 5 spell: Fireball
  5349 | D:4      | Reached XP level 8. HP: 41/41 MP: 13/16
  5621 | D:4      | Reached skill level 8 in Fire Magic
  5722 | D:4      | Found Iwecs's Gadget Shop.
  6532 | D:5      | Found a runed translucent door.
  6533 | D:5      | Noticed Crazy Yiuf
  6964 | D:5      | Killed Crazy Yiuf
  7677 | D:6      | Reached skill level 9 in Fire Magic
  7934 | D:6      | Found a staircase to the Ecumenical Temple.
  7942 | Temple   | Entered the Ecumenical Temple
  8097 | Temple   | Became a worshipper of Vehumet
  8676 | D:6      | Reached * piety under Vehumet
  8676 | D:6      | Offered knowledge of Sting by Vehumet.
  8676 | D:6      | Reached XP level 9. HP: 45/45 MP: 5/17
  9337 | D:7      | Reached skill level 1 in Fighting
 10017 | D:7      | Found Leurhaih's Jewellery Boutique.
 10475 | D:8      | Reached skill level 10 in Fire Magic
 10833 | D:8      | Offered knowledge of Magic Dart by Vehumet.
 10874 | D:8      | Reached ** piety under Vehumet
 11454 | D:9      | Reached skill level 10 in Conjurations
 12065 | D:9      | Offered knowledge of Searing Ray by Vehumet.
 12092 | D:9      | Reached skill level 11 in Fire Magic
 12092 | D:9      | Reached XP level 10. HP: 53/53 MP: 13/18
 12150 | D:9      | Noticed Grum
 12160 | D:9      | Killed Grum
 12388 | D:9      | Found Pukhloaho's Weapon Shop.
 12411 | D:9      | Reached *** piety under Vehumet
 12412 | D:9      | Noticed a two-headed ogre
 12414 | D:9      | Killed a two-headed ogre
 12600 | D:9      | Found a staircase to the Lair.
 12806 | D:9      | Noticed Maurice
 13285 | D:9      | Offered knowledge of Fulminant Prism by Vehumet.
 13488 | D:9      | Killed Maurice
 13488 | D:9      | Reached skill level 12 in Fire Magic
 13667 | D:9      | Noticed Psyche
 13672 | D:9      | Killed Psyche
 13874 | D:9      | Found a staircase to the Orcish Mines.
 14326 | D:9      | Found a shadowy altar of Dithmenos.
 14366 | D:9      | Reached **** piety under Vehumet
 14834 | Lair:1   | Entered Level 1 of the Lair of Beasts
 14892 | Lair:1   | Offered knowledge of Bolt of Draining by Vehumet.
 14906 | Lair:1   | Reached skill level 5 in Dodging
 15144 | Lair:1   | Reached XP level 11. HP: 52/57 MP: 9/19
 16653 | Lair:2   | Reached skill level 13 in Fire Magic
 17821 | Lair:3   | Reached skill level 5 in Fighting
 18101 | Lair:3   | Reached skill level 5 in Spellcasting
 19490 | Lair:3   | Reached XP level 12. HP: 69/69 MP: 15/23
 19910 | Lair:3   | Found a staircase to the Swamp.
 20540 | Lair:4   | Noticed Kirke
 20546 | Lair:3   | Slain by a spiny frog

Skill      XL: |  1  2  3  4  5  6  7  8  9 10 11 12 |
---------------+-------------------------------------+-----
Conjurations   | 2 3 4 5 6 9 10 12 | 12.0
Fire Magic     | 4 5 6 7 9 11 12 13 | 13.0
Spellcasting   | 4 6 |  6.8
Dodging        | 4 5 9 |  9.7
Fighting       | 2 5 6 |  6.0
Stealth        | |  2.4

Action                   |  1- 3 |  4- 6 |  7- 9 | 10-12 || total
-------------------------+-------+-------+-------+-------++-------
Melee: Short sword       |       |       |    19 |       ||    19
       Staff             |       |       |     1 |    10 ||    11
Throw: Stone             |    23 |    45 |    95 |    34 ||   197
 Cast: Flame Tongue      |    62 |    57 |   270 |   232 ||   621
       Sticky Flame      |       |     9 |    34 |    60 ||   103
       Conjure Flame     |       |     1 |     2 |     1 ||     4
       Fireball          |       |       |    10 |    46 ||    56
Evoke: Wand              |       |       |     1 |       ||     1
  Use: Potion            |     1 |       |     1 |       ||     2
       Scroll            |       |    10 |     5 |     9 ||    24
  Eat: Chunk             |     3 |     8 |    21 |    30 ||    62
       Ration            |       |       |     4 |     4 ||     8
Armor: Robe              |     2 |     3 |    10 |     8 ||    23
Dodge: Dodged            |    14 |    18 |    61 |    61 ||   154
